 Dungeon Crawl Stone Soup version 0.31-a0-544-gceb718ecc6 (webtiles) character file.

Game seed: 8416142840256505845

0 avis the Ruffian (level 1, 0/15 HPs)
             Began as a Demigod Shapeshifter on Aug 16, 2023.
             Slain by a quokka (5 damage)
             ... on level 1 of the Dungeon.
             The game lasted 00:00:32 (53 turns).

avis the Ruffian (Demigod Shapeshifter)               Turns: 53, Time: 00:00:32

Health: 0/15       AC:  2    Str: 16    XL:     1   Next: 6%
Magic:  3/3        EV: 12    Int: 10    God:
Gold:   0          SH:  0    Dex: 14    Spells: 0/0 levels left

rFire   . .          .
                       - Unarmed
rCold   . . .        (no shield)
rNeg    . . .        a - +0 animal skin
rPois   .            (helmet currently unavailable)
rElec   .            (cloak currently unavailable)
rCorr   .            (gloves currently unavailable)
SInv    .            (boots currently unavailable)
Will    .....        (no amulet)
Stlth   +            (no ring)
HPRegen 0.22/turn    (no ring)
MPRegen 0.08/turn

%: no passive effects
@: beast-form
A: beast (slay +1), high MP 1, forlorn, divine attributes
a: Begin Untransformation


You were on level 1 of the Dungeon.
You were a hulking beast.
You visited 1 branch of the dungeon, and saw 1 of its levels.

Inventory:

Armour
 a - a +0 animal skin (worn)
Talismans
 c - a beast talisman (active)
 d - a flux talisman
Scrolls
 e - a scroll of fog {unknown}
Potions
 b - a potion of lignification


   Skills:
 + Level 0.9 Fighting
 - Level 1.7 Dodging
 * Level 2.7 Unarmed Combat
 - Level 2.6 Shapeshifting


You couldn't memorise any spells.
You didn't know any spells.
Your spell library was empty.

Dungeon Overview and Level Annotations

Branches:
Dungeon (1/15)


Innate Abilities, Weirdness & Mutations

You are a hulking beast.
Your limbs bulge with bestial killing power. (Slay +1)
You have an increased reservoir of magic. (+10% MP)
You shall have no god before yourself.
Your divine heritage dramatically boosts your attributes as you level up.


Message History

Welcome, avis the Demigod Shapeshifter.
The fantabulous Orb of Zot lies far below, as if waiting for you to find it.
Press ? for a list of commands and other information.
Found two deep dwarf skeletons.
Found a staircase leading out of the dungeon.
Found a deep dwarf skeleton.
Found a deep dwarf skeleton.
You see here a deep dwarf skeleton.
A frilled lizard comes into view.
The frilled lizard hisses angrily.
The frilled lizard barely misses you.
You punch the frilled lizard!
You kill the frilled lizard!
You see here a frilled lizard corpse.
e - a scroll labelled YRERICAUSCH A frilled lizard, a goblin and a kobold come into view.
Found a short sword.
The goblin shouts!
A quokka comes into view.
You hit the quokka but do no damage.
The kobold throws a stone.
The stone hits you.
An endoplasm comes into view.
The quokka closely misses you. The quokka attacks as you move away!
The quokka bites you.
The endoplasm quivers.
You hit the quokka.
The quokka is heavily wounded.
The quokka bites you.
You closely miss the quokka.
The quokka is heavily wounded.
The quokka bites you.
You hit the quokka but do no damage. Your punch misses the quokka.
The quokka is heavily wounded.
The quokka barely misses you. The quokka closely misses you.
You barely miss the quokka.
The quokka is heavily wounded.
The quokka bites you.
You die...

# # ###### #####
####....#
....###....##.####
........#####....#
###..#### ####.##
####### #h.# #
...÷.÷# ##r### )..
......# #gl.#.....
...##.# #KJ.......
.÷.##.# #.#.#.....
......# ...#.#
#### ......#
##.##.# ..##### #.
.# ÷## #. l.


You could see an endoplasm, a quokka, a goblin, a kobold and a frilled lizard.

Vanquished Creatures
  A frilled lizard (D:1)
1 creature vanquished.

Notes
Turn   | Place    | Note
-------+----------+-------------------------------------------
     0 | D:1      | avis the Demigod Shapeshifter began the quest for the Orb.
     0 | D:1      | Reached XP level 1. HP: 15/15 MP: 3/3
    53 | D:1      | Slain by a quokka

Illustrated notes

Levels and vault maps discovered:
D:1:      amcnicky_arrival_wind_blow, layout_rooms

Action                     || total
---------------------------++-------
  Melee: Unarmed           ||     6
  Dodge: Dodged            ||     4

Table legend: (Time is in decaauts)
 A = Elapsed time spent in this place.
 B = Non-inter-level travel time spent in this place.
 C = Inter-level travel time spent in this place.
 D = Time resting spent in this place.
 E = Time spent auto-exploring this place.
 F = Levels seen in this place.
 G = Mean time per level.
                   A        B        C        D        E       F      G
               +--------+--------+--------+--------+--------+-----+--------+
         Total |     52 |     52 |      0 |      0 |     37 |   1 |   52.0 |
       Dungeon |     52 |     52 |      0 |      0 |     37 |   1 |   52.0 |
               +--------+--------+--------+--------+--------+-----+--------+

Top non-repeatable levels by time:
     D:1: 52 daAuts
